 Dungeon Crawl Stone Soup version 0.30.1-4-g462c640d31 (webtiles) character file.

Game seed: 4507495453451403406

289 growler the Trooper (level 6, 53/53 HPs)
             Began as a Demonspawn Gladiator on Aug 15, 2023.
             Quit the game in an ossuary.
             The game lasted 00:10:07 (3214 turns).

growler the Trooper (Demonspawn Gladiator)          Turns: 3214, Time: 00:10:07

Health: 53/53      AC:  4    Str: 15    XL:     6   Next: 9%
Magic:  6/6        EV: 12    Int: 11    God:
Gold:   260        SH:  0    Dex: 14    Spells: 5/5 levels left

rFire   . . .        a - +0 war axe
rCold   . . .        (no shield)
rNeg    . . .        b - +0 leather armour
rPois   .            c - +0 helmet
rElec   .            (no cloak)
rCorr   .            (no gloves)
SInv    .            (no boots)
Will    .....        (no amulet)
Stlth   +            (no ring)
HPRegen 0.28/turn    (no ring)
MPRegen 0.20/turn

%: no passive effects
@: no status effects
A: magic regeneration, demonic magic 1, demonic touch 1
a: no special abilities


You were in an ossuary.
You visited 1 branch of the dungeon, and saw 4 of its levels.
You also visited: Ossuary.

You collected 260 gold pieces.

Inventory:

Hand Weapons
 a - a +0 war axe (weapon)
Missiles
 d - 3 throwing nets (quivered)
 e - a javelin
Armour
 b - a +0 leather armour (worn)
 c - a +0 helmet (worn)
Scrolls
 f - a scroll of fog {unknown}
 h - a scroll of amnesia {unknown}
 l - a scroll of brand weapon {unknown}
 n - 2 scrolls of fear {unknown}
 o - a scroll of identify {unknown}
 p - a scroll of enchant armour {unknown}
 r - 2 scrolls of noise {unknown}
 s - 2 scrolls of teleportation {unknown}
 t - a scroll of poison {unknown}
Potions
 g - 2 potions of curing {unknown}
 i - a potion of haste {unknown}
 j - 2 potions of heal wounds
 k - a potion of lignification {unknown}
 m - 2 potions of berserk rage {unknown}
 q - a potion of mutation {unknown}
 u - a potion of resistance {unknown}
 v - a potion of attraction {unknown}


   Skills:
 + Level 6.5 Fighting
 - Level 2.6 Axes
 - Level 1.7 Throwing
 - Level 2.6 Dodging


You had 5 spell levels left.
You didn't know any spells.
Your spell library contained the following spells:

 Spells                   Type           Power      Damage    Failure   Level
 Freeze                   Ice            0%         1d3       41%         1
 Sublimation of Blood     Necr           0%         N/A       54%         2
 Frozen Ramparts          Ice            0%         1d1       78%         3
 Hailstorm                Conj/Ice       0%         3d3       78%         3
 Portal Projectile        Hex/Tloc       0%         N/A       78%         3
 Tukima's Dance           Hex            0%         N/A       78%         3
 Petrify                  Tmut/Erth      0%         N/A       99%         4
 Blade Hands              Tmut           0%         N/A       100%        5
 Irradiate                Conj/Tmut      0%         3d11      100%        5


Dungeon Overview and Level Annotations

Branches:
Dungeon (4/15)            Ossuary (1/1)
 Temple: D:4-7

Altars:

Shops:
D:3 [   D:4 (


Innate Abilities, Weirdness & Mutations

You regenerate magic rapidly.
Spells you cast may paralyse adjacent enemies.
Your touch may inflict minor irresistible damage on your foes.


Message History

You barely miss the hobgoblin zombie. The human zombie hits you.
The hobgoblin zombie misses you.
You slash the human zombie!
You touch the human zombie!
The human zombie is heavily damaged.
You barely miss the hobgoblin zombie.
The human zombie hits you but does no damage.
The hobgoblin zombie hits you but does no damage.
You hit the human zombie.
The human zombie is severely damaged.
You slash the orc zombie! You hit the hobgoblin zombie.
The human zombie hits you. The orc zombie barely misses you.
The hobgoblin zombie hits you but does no damage.
You slash the human zombie!
You touch the human zombie!
The human zombie is almost destroyed.
You completely miss the hobgoblin zombie.
You completely miss the orc zombie. The human zombie hits you.
The orc zombie barely misses you.
The hobgoblin zombie hits you but does no damage.
You slash the human zombie!
You destroy the human zombie!
You hit the hobgoblin zombie. You hit the orc zombie.
You destroy the orc zombie!
The hobgoblin zombie misses you.
You have reached level 6!
Your demonic ancestry asserts itself...
A menacing aura infuses your magic.
You barely miss the orc zombie.
You touch the orc zombie.
The orc zombie is severely damaged.
You slash the hobgoblin zombie!
You destroy the hobgoblin zombie!
The orc zombie hits you but does no damage.
You slash the orc zombie!
You destroy the orc zombie!
You start resting.
HP restored.
There is an empty arch of ancient stone here.
A mummy and an orc zombie come into view.
A goblin zombie and a hobgoblin zombie come into view.
There is an empty arch of ancient stone here.
Are you sure you want to abandon this character and quit the game? (Confirm with "yes".)

###########
#.#.#.#.#.#. #####
#.....Z..... ##...##
#...........
##.....###...........
#........Z...........
#..∩@Z...M...........
#........Z...........
##.....###...........
##...## #......Z....
##### #...........
#.#.#.#.#.#.
###########


You could see a mummy, a goblin zombie, a hobgoblin zombie and an orc zombie.

Vanquished Creatures
  A human zombie (Ossuary)
  An iguana (D:4)
  An orc priest (D:4)
  A mummy (Ossuary)
  7 adders
  3 gnolls
  A shadow imp (D:4)
  A worm (D:1)
  A dart slug (D:1)
  4 orcs
  5 ball pythons
  5 endoplasms
  6 giant cockroaches
  12 goblins
  4 hobgoblins
  4 jackals
  9 kobolds
  5 quokkas
  3 bats
  6 frilled lizards
  A hobgoblin zombie (Ossuary)
  5 orc zombies (Ossuary)
  A rat (D:1)
87 creatures vanquished.

Notes
Turn   | Place    | Note
-------+----------+-------------------------------------------
     0 | D:1      | growler the Demonspawn Gladiator began the quest for the
                  | Orb.
     0 | D:1      | Reached XP level 1. HP: 16/16 MP: 1/1
   224 | D:1      | Gained mutation: You regenerate magic rapidly. [demonic
                  | ancestry]
   224 | D:1      | Reached XP level 2. HP: 23/23 MP: 2/2
   318 | D:1      | Reached skill level 3 in Fighting
   690 | D:1      | Reached XP level 3. HP: 26/29 MP: 3/3
  1080 | D:2      | Reached skill level 4 in Fighting
  1324 | D:1      | Gained mutation: Your touch may inflict minor irresistible
                  | damage on your foes. [demonic ancestry]
  1324 | D:1      | Reached XP level 4. HP: 7/38 MP: 4/4
  1557 | D:2      | Identified the +2 plate armour of Mevat {rElec Stlth+}
  1584 | D:2      | Reached skill level 5 in Fighting
  1806 | D:3      | Reached XP level 5. HP: 22/44 MP: 5/5
  1999 | D:3      | Found Ipehepy's Armour Boutique.
  2722 | D:4      | Reached skill level 6 in Fighting
  2908 | D:4      | Found Axtimuig's Antique Weapon Boutique.
  3074 | D:4      | Found a sand-covered staircase.
  3078 | D:4      | Identified the +0 scale mail of Stoicism {rN+ Str+2 Dex+5
                  | Stlth-}
  3086 | Ossuary  | Entered an ossuary
  3159 | Ossuary  | Gained mutation: Spells you cast may paralyse adjacent
                  | enemies. [demonic ancestry]
  3159 | Ossuary  | Reached XP level 6. HP: 43/53 MP: 6/6
  3214 | Ossuary  | Quit the game

Illustrated notes

Levels and vault maps discovered:
D:1:      dpeg_arrival_court, layout_basic
D:2:      layout_rooms, grunt_ministairs_14
D:3:      layout_loops_corners, serial_shops, shop
D:4:      layout_loops_cross, minmay_temple_entry_mini_moons,
          lightli_ossuary_entry_decrepit_ruins, serial_shops, shop,
          corexii_corridor_pit
Ossuary:  minmay_ossuary_gauntlet

Skill      XL: |  1  2  3  4  5 |
---------------+----------------+-----
Fighting       | 3 4 5 6 |  6.5
Axes           | |  2.6
Throwing       | |  1.7
Dodging        | |  2.6

Action                     |  1- 3 |  4- 6 || total
---------------------------+-------+-------++-------
  Melee: War axe           |   110 |    91 ||   201
         Punch             |     2 |       ||     2
         Touch             |       |    19 ||    19
    Use: Potion            |       |     1 ||     1
   Stab: Sleeping          |       |     2 ||     2
 Armour: Leather armour    |    39 |    26 ||    65
  Dodge: Dodged            |    79 |    53 ||   132
